 Dungeon Crawl Stone Soup version 0.18.1-1-g2f07953 (webtiles) character file.

270 Eucla the Ruffian (level 6, -11/61 HPs)
             Began as a Troll Monk on May 6, 2016.
             Was a Believer of Nemelex Xobeh.
             Mangled by an ogre
             ... wielding a +0 giant club
              (26 damage)
             ... on level 3 of the Dungeon.
             The game lasted 00:03:35 (1601 turns).

Eucla the Ruffian (Troll Monk)                      Turns: 1601, Time: 00:03:36

Health: -11/61     AC:  5    Str: 20    XL:     6   Next: 1%
Magic:  5/5        EV: 10    Int:  6    God:    Nemelex Xobeh [**....]
Gold:   139        SH:  0    Dex: 14    Spells: 0 memorised, 5 levels left

rFire  . . .     SeeInvis .       - Unarmed
rCold  . . .     Gourm    +     a - +0 robe
rNeg   . . .     Faith    .     (no shield)
rPois  .         Spirit   .     (helmet restricted)
rElec  .         Dismiss  .     (no cloak)
rCorr  .         Reflect  .     (gloves unavailable)
SustAt .         Harm     .     (boots unavailable)
MR     .....     Rnd*Rage +     (no amulet)
Stlth  ++++......               (no ring)
                                (no ring)

@: especially stealthy, not resistant to hostile enchantments, stealthy
A: unfitting armour, claws 3, berserk 2, fast metabolism 3, gourmand,
regeneration 3, shaggy fur 1, tough skin 2
a: Renounce Religion


You were on level 3 of the Dungeon.
You worshipped Nemelex Xobeh.
Nemelex Xobeh was pleased with you.
You were very full.

You visited 1 branch of the dungeon, and saw 3 of its levels.

You collected 139 gold pieces.

Inventory:

Armour
 a - a +0 robe (worn)
Jewellery
 q - an uncursed amulet of the gourmand {unknown}
Scrolls
 c - a scroll of recharging {unknown}
 e - 4 scrolls of remove curse {unknown}
 f - 2 scrolls of amnesia {unknown}
 g - 2 scrolls of identify {unknown}
 h - a scroll of fog {unknown}
 i - a scroll of fear {unknown}
 j - a scroll of blinking {unknown}
 m - a scroll of immolation {unknown}
 o - 3 scrolls of teleportation {unknown}
Potions
 d - a potion of curing {unknown}
 l - a potion of might {unknown}
 n - a potion of haste {unknown}
Miscellaneous
 r - an ornate deck of war {drawn: 1}
 s - a plain deck of war
Comestibles
 b - 5 bread rations


   Skills:
 + Level 3.6 Fighting
 - Level 2.4 Dodging
 - Level 1.1 Stealth
 * Level 6.3 Unarmed Combat
 + Level 0.5 Evocations


You had 5 spell levels left.
You didn't know any spells.

Dungeon Overview and Level Annotations

Branches:
Dungeon (3/15)

Altars:
Ashenzari
Kikubaaqudgha
Nemelex Xobeh


Innate Abilities, Weirdness & Mutations

You are too large for most types of armour.
You have claws for hands.
Your metabolism is lightning-fast.
You like to eat raw meat.
You regenerate.
You are covered in fur (AC +1).
You have very tough skin (AC +2).
You often lose your temper in combat.


Message History

You barely miss the ogre.
The ogre is heavily wounded.
There are monsters nearby!
You claw the ogre!
The ogre is severely wounded.
The ogre hits you with a giant club!
* * * LOW HITPOINT WARNING * * *
The kobold throws a stone.
The stone closely misses you.
You are too injured to fight recklessly!
Evoke which item? (* to show all) (? for menu, Esc to quit)
You don't have any such object.
Evoke which item? (* to show all) (? for menu, Esc to quit)
You don't have any such object.
Evoke which item? (* to show all) (? for menu, Esc to quit)
That item cannot be evoked!
Evoke which item? (* to show all) (? for menu, Esc to quit)
You draw a card...
It is the Shadow.
You feel stealthy. The ogre hits you with a giant club!!
You die...
Your body disappears without a glow.

######### #.KO@...#####
#g#####.....# #(#...#.....#
#..(.g#.#.......###. #..
#>...................###..
#......###.#.....###......
#....... #.##....###[.#...
...#.####.#.#.......##.#...
#..). ....................


You could see an ogre, a goblin and a kobold.

Vanquished Creatures
  The ghost of Guenter the Cudgeler, an amateur OgGl (D:3)
  A jelly (D:3)
  An orc priest (D:3)
  Natasha (D:2)
  3 adders
  A worm (D:2)
  4 dart slugs
  A giant gecko (D:1)
  2 orcs (D:3)
  2 giant cockroaches
  4 goblins
  2 hobgoblins
  5 jackals (D:2)
  4 kobolds
  12 bats
  4 giant newts
  4 rats
52 creatures vanquished.

Vanquished Creatures (others)
  A human (D:2)
1 creature vanquished.

Grand Total: 53 creatures vanquished

Notes
Turn   | Place    | Note
--------------------------------------------------------------
     0 | D:1      | Eucla the Troll Monk began the quest for the Orb.
     0 | D:1      | Reached XP level 1. HP: 22/22 MP: 0/0
    92 | D:1      | Reached XP level 2. HP: 19/29 MP: 1/1
   490 | D:1      | Reached XP level 3. HP: 36/36 MP: 2/2
   820 | D:2      | Noticed Natasha
   829 | D:2      | Killed Natasha
   829 | D:2      | Reached skill level 5 in Unarmed Combat
   829 | D:2      | Reached XP level 4. HP: 22/45 MP: 3/3
   830 | D:2      | Found an ancient bone altar of Kikubaaqudgha.
   882 | D:2      | Noticed a human
   883 | D:2      | Killed a human
  1042 | D:2      | Found a shattered altar of Ashenzari.
  1178 | D:3      | Noticed Guenter's ghost (amateur OgGl)
  1351 | D:2      | Gained mutation: You tend to lose your temper in combat. [potion of mutation]
  1351 | D:2      | Gained mutation: You regenerate. [potion of mutation]
  1351 | D:2      | Gained mutation: You often lose your temper in combat. [potion of mutation]
  1358 | D:3      | Killed Guenter's ghost
  1358 | D:3      | Reached skill level 6 in Unarmed Combat
  1358 | D:3      | Reached XP level 5. HP: 40/53 MP: 4/4
  1441 | D:3      | Found a sparkling altar of Nemelex Xobeh.
  1445 | D:3      | Became a worshipper of Nemelex Xobeh the Trickster
  1445 | D:3      | Received a gift from Nemelex Xobeh
  1445 | D:3      | Reached * piety under Nemelex Xobeh
  1445 | D:3      | Received a gift from Nemelex Xobeh
  1445 | D:3      | Reached ** piety under Nemelex Xobeh
  1469 | D:3      | Reached XP level 6. HP: 57/61 MP: 5/5
  1601 | D:3      | Mangled by an ogre

Skill      XL: |  1  2  3  4 |
---------------+-------------+-----
Fighting       | 3 |  3.6
Unarmed Combat | 5 6 |  6.3
Dodging        | |  2.4
Stealth        | |  1.1
Evocations     | |  0.5

Action                   |  1- 3 |  4- 6 || total
-------------------------+-------+-------++-------
Melee: Unarmed           |    73 |    52 ||   125
       Punch             |       |     1 ||     1
Evoke: Deck              |       |     1 ||     1
  Use: Potion            |       |     1 ||     1
 Stab: Sleeping          |     5 |     1 ||     6
  Eat: Chunk             |     8 |     8 ||    16
       Fruit             |       |     3 ||     3
       Pizza             |       |     1 ||     1
Armor: Robe              |    27 |    20 ||    47
Dodge: Dodged            |    43 |    24 ||    67
